 Dungeon Crawl Stone Soup version 0.31.0 (webtiles) character file.

Game seed: 7139213255693492200

1314 hawla the Gouger (level 8, 0/37 HPs)
             Began as a Felid Shapeshifter on Jan 19, 2024.
             Slain by an orc warrior
             ... wielding a +0 scimitar
              (6 damage)
             ... on level 6 of the Dungeon on Jan 20, 2024.
             The game lasted 00:12:37 (5387 turns).

hawla the Gouger (Felid Shapeshifter)               Turns: 5387, Time: 00:12:37

Health: 0/37       AC:  2    Str: 12    XL:     8   Next: 32%
Magic:  9/9        EV: 18    Int: 14    God:
Gold:   133        SH:  0    Dex: 16    Spells: 7/7 levels left
                                        Lives:  0   Deaths: 3

rFire   . .          .
                       - Unarmed
rCold   . . .        (shield unavailable)
rNeg    . . .        (body armour unavailable)
rPois   .            (helmet unavailable)
rElec   .            (cloak unavailable)
rCorr   +            (gloves unavailable)
SInv    +            (boots unavailable)
Will    +....        l - amulet of magic regeneration
Stlth   ++           m - ring of resist corrosion
HPRegen 0.26/turn    (no ring)
MPRegen 0.51/turn

%: no passive effects
@: beast-form
A: beast (slay +3), very small, claws 1, fangs 3, see invisible, shaggy fur 2,
stealthy paws, no weapons or thrown items, no armour, multi-lived
a: Begin Untransformation


You were on level 6 of the Dungeon.
You were a hulking beast.
You visited 1 branch of the dungeon, and saw 6 of its levels.
You also visited: Sewer.

You collected 245 gold pieces.
You spent 112 gold pieces at shops.

Inventory:

Jewellery
 l - an amulet of magic regeneration (around neck)
 m - a ring of resist corrosion (left paw)
 t - a ring of flight
Talismans
 b - a beast talisman
 c - a flux talisman
 x - a serpent talisman
Scrolls
 g - 2 scrolls of teleportation
 o - 2 scrolls of revelation
 w - a scroll of silence
Potions
 d - a potion of enlightenment
 e - 2 potions of curing
 f - a potion of brilliance
 h - 6 potions of cancellation {unknown}
 i - a potion of ambrosia {unknown}
 j - a potion of mutation {unknown}
 k - a potion of degeneration {unknown}
 r - 3 potions of invisibility {unknown}
 s - a potion of might {unknown}


   Skills:
 - Level 1.0 Fighting
 - Level 4.0 Dodging
 - Level 1.0 Stealth
 + Level 8.7 Unarmed Combat
 * Level 5.4 Shapeshifting


You had 7 spell levels left.
You didn't know any spells.
Your spell library was empty.

Dungeon Overview and Level Annotations

Branches:
Dungeon (6/15)              Sewer (visited)
 Temple: D:4-7

Altars:
Vehumet

Shops:
D:3 !   D:4 (

Annotations:
D:6 Prince Ribbit


Innate Abilities, Weirdness & Mutations

You are a hulking beast.
Your limbs bulge with bestial killing power. (Slay +3)
You have sharp claws.
You have razor-sharp teeth.
You have supernaturally acute eyesight. (SInv)
You are covered in thick fur. (AC +2)
Your paws help you pounce on unaware monsters.
You are incapable of wielding weapons or throwing items.
You cannot wear armour.
You gain extra lives every three experience levels.


Message History

Unknown command.
Attack: -) Teeth and claws
Press: ? - help, Dir - move target, f - orc warrior
Aim: an orc warrior, wielding a +0 scimitar and wearing a +0 chain mail (about 32% to evade your paws)
Okay, then.
Okay, then.
You feel much better.
The orc warrior hits you with a +0 scimitar!
You scratch the orc warrior but do no damage.
Your bite misses the orc warrior. You claw the orc warrior!
The orc warrior is moderately wounded.
The orc warrior barely misses you.
You scratch the orc warrior.
You bite the orc warrior, but do no damage.
The orc warrior is moderately wounded.
The orc warrior barely misses you.
You barely miss the orc warrior.
The orc warrior is moderately wounded.
The orc warrior hits you with a +0 scimitar!
You closely miss the orc warrior. You bite the orc warrior.
The orc warrior is moderately wounded.
The orc warrior closely misses you.
You scratch the orc warrior.
The orc warrior is heavily wounded.
The orc warrior misses you.
You scratch the orc warrior but do no damage.
You bite the orc warrior, but do no damage.
The orc warrior is heavily wounded.
The orc warrior completely misses you.
You claw the orc warrior!
The orc warrior is almost dead.
You barely miss the orc warrior.
The orc warrior is almost dead.
The orc warrior hits you with a +0 scimitar!
* * * LOW HITPOINT WARNING * * *
You barely miss the orc warrior. Your claw misses the orc warrior.
The orc warrior is almost dead.
The orc warrior hits you with a +0 scimitar.
You die...

#.##.##........
#######.##.##...#.... #
...............###...
#.####..#.###.#...#....
#.......#........#.....
#.......##.##.......
##?##.#.)##.##.######...
.........##.##.# ##..
##.####h.......# ..
#.....o...#.#### #..
#.......#.#.# ### #..
#.....###.......# #.§
#.....# #..#.... ...
#.......#..#..# K..
#.....#.#<.#..#... ..K
#........†Oo....# #..
.####.#oc#.##.# #..


You could see an orc warrior.

Vanquished Creatures
  An orc warrior (D:5)
  A water moccasin (D:6)
  An ogre (D:6)
  A centaur (D:6)
  A phantom (D:5)
  2 bullfrogs
  2 kobold brigands
  A scorpion (D:4)
  2 jellies
  A hound (D:5)
  An iguana (D:5)
  A sleepcap (D:6)
  3 orc wizards (D:6)
  A statue (D:4)
  10 adders
  5 river rats
  A shadow imp (D:5)
  A white imp (D:5)
  2 ufetubi (D:6)
  2 dart slugs (D:3)
  4 ribbon worms
  11 orcs
  15 ball pythons
  8 endoplasms
  5 giant cockroaches
  4 goblins
  5 hobgoblins
  2 jackals (D:5)
  2 quokkas
  3 training dummies (D:4)
  6 bats
  7 frilled lizards
  27 kobolds
  32 rats
171 creatures vanquished.

Notes
Turn   | Place    | Note
-------+----------+-------------------------------------------
     0 | D:1      | hawla the Felid Shapeshifter began the quest for the Orb.
     0 | D:1      | Reached XP level 1. HP: 10/10 MP: 2/2
   176 | D:1      | Reached XP level 2. HP: 14/14 MP: 3/3
   595 | D:2      | Reached XP level 3. HP: 13/18 MP: 4/4
  1358 | D:3      | Reached XP level 4. HP: 17/22 MP: 5/5
  1358 | D:3      | Gained a life (2 lives remaining)
  1458 | D:3      | Reached skill level 1 in Stealth
  1458 | D:3      | Reached skill level 4 in Unarmed Combat
  2134 | D:3      | Found Hexygiq's Distillery.
  2140 | D:3      | Bought a potion of lignification for 42 gold pieces
  2140 | D:3      | Bought a potion of heal wounds for 70 gold pieces
  2211 | D:4      | Noticed a scorpion
  2220 | D:4      | Killed a scorpion
  2221 | D:4      | Reached XP level 5. HP: 22/25 MP: 6/6
  2363 | D:4      | Reached skill level 5 in Unarmed Combat
  2378 | D:4      | Found a glowing drain.
  2406 | Sewer    | Entered a sewer
  2461 | Sewer    | Slain by a kobold
  2461 | Sewer    | Lost a life (1 life remaining)
  2490 | Sewer    | Slain by a kobold
  2490 | Sewer    | Lost a life (0 lives remaining)
  2523 | Sewer    | Gained mutation: You are covered in thick fur. (AC +2)
                  | [Felid growth]
  2523 | Sewer    | Reached XP level 6. HP: 6/30 MP: 7/7
  3492 | D:4      | Found Dynkunag's Firing Range.
  3739 | D:4      | Found a radiant altar of Vehumet.
  3754 | D:4      | Reached skill level 6 in Unarmed Combat
  3857 | D:5      | Entered Level 5 of the Dungeon
  4217 | D:5      | Reached XP level 7. HP: 33/33 MP: 8/8
  4217 | D:5      | Gained a life (1 life remaining)
  4803 | D:6      | Noticed Prince Ribbit
  4820 | D:5      | Reached skill level 7 in Unarmed Combat
  5013 | D:6      | HP: 2/49 [ogre/+0 giant club (4)]
  5013 | D:6      | Mangled by an orc warrior
  5013 | D:6      | Lost a life (0 lives remaining)
  5077 | D:6      | Reached skill level 5 in Shapeshifting
  5082 | D:6      | Reached XP level 8. HP: 26/37 MP: 9/9
  5168 | D:6      | Reached skill level 8 in Unarmed Combat
  5387 | D:6      | Slain by an orc warrior

Illustrated notes

Levels and vault maps discovered:
D:1:      tarquinn_simple_flora_water_d, layout_loops_ring
D:2:      layout_loops_ring
D:3:      layout_loops_ring, serial_shops, nicolae_shop_pleasant_corner_grove,
          kennysheep_another_room
D:4:      layout_rooms, vehumet_statue, portal_sewer_entry_c,
          corexii_corridor_pit, nicolae_shop_firing_range
D:5:      layout_gridville
D:6:      layout_loops_cross, uniq_prince_ribbit1

Skill      XL: |  1  2  3  4  5  6  7  8 |
---------------+-------------------------+-----
Dodging        | 3 4 |  4.0
Shapeshifting  | 3 4 5 |  5.4
Stealth        | 1 |  1.0
Unarmed Combat | 4 5 6 7 8 |  8.7
Fighting       | |  1.0

Action                     |  1- 3 |  4- 6 |  7- 9 || total
---------------------------+-------+-------+-------++-------
  Melee: Unarmed           |    84 |   268 |   117 ||   469
         Bite              |     5 |    29 |    11 ||    45
         Punch             |     3 |     5 |     3 ||    11
    Use: Scroll            |     2 |     4 |     3 ||     9
         Potion            |       |     2 |     5 ||     7
   Stab: Sleeping          |     4 |     5 |     1 ||    10
         Distracted        |       |       |     1 ||     1
 Armour: Skin              |    26 |    77 |    54 ||   157
  Dodge: Dodged            |    66 |   210 |    75 ||   351
